 Dungeon Crawl Stone Soup version 0.27.1-33-g824d729ab1 (webtiles) character file.

Game seed: 8131765867960117628

1043 demibob the Cleaver (level 8, 0/62 HPs)
             Began as a Hill Orc Gladiator on Dec 9, 2021.
             Slain by a gnoll (4 damage)
             ... on level 5 of the Dungeon.
             The game lasted 00:05:20 (5139 turns).

demibob the Cleaver (Hill Orc Gladiator)            Turns: 5139, Time: 00:05:20

Health: 0/62       AC: 11    Str: 18    XL:     8   Next: 25%
Magic:  17/17      EV: 10    Int:  8    God:
Gold:   174        SH:  0    Dex: 13    Spells: 7/7 levels left

rFire    . . .     SeeInvis .   a - +1 war axe
rCold    . . .     Faith    +   (no shield)
rNeg     . . .     Spirit   .   g - +0 scale mail
rPois    .         Reflect  .   c - +1 helmet
rElec    .         Harm     .   h - +0 cloak
rCorr    .         Rampage  .   (no gloves)
Will     .....                  (no boots)
Stlth    ..........             k - amulet of faith {!P}
HPRegen  0.20/turn              Z - ring of wizardry
MPRegen  0.15/turn              M - ring of magical power

@: mighty, lethally poisoned (0 -> -24)
A: no striking features
a: no special abilities


You were on level 5 of the Dungeon.
You visited 1 branch of the dungeon, and saw 5 of its levels.

You collected 230 gold pieces.
You spent 56 gold pieces at shops.


   Skills:
 - Level 2.4 Fighting
 + Level 10.0 Axes
 - Level 1.7 Throwing
 + Level 6.6 Armour
 - Level 2.4 Dodging


You had 7 spell levels left.
You didn't know any spells.
Your spell library contained the following spells:

 Spells                   Type           Power      Damage    Failure   Level
 Beastly Appendage        Tmut           0%         N/A       43%         1
 Wereblood                Tmut           0%         N/A       56%         2
 Call Canine Familiar     Summ           0%         N/A       78%         3
 Portal Projectile        Hex/Tloc       0%         N/A       78%         3
 Spider Form              Tmut/Pois      0%         N/A       78%         3
 Leda's Liquefaction      Hex/Erth       0%         N/A       99%         4
 Alistair's Intoxication  Tmut/Pois      0%         N/A       100%        5
 Bolt of Magma            Conj/Fire/Erth 0%         4d4       100%        5
 Borgnjor's Vile Clutch   Necr/Erth      0%         N/A       100%        5
 Eringya's Noxious Bog    Tmut/Pois      0%         N/A       100%        6
 Statue Form              Tmut/Erth      0%         N/A       100%        6

Inventory:

Hand Weapons
 a - a +1 war axe (weapon)
Missiles
 d - 3 throwing nets (quivered) {=f}
Armour
 c - a +1 helmet (worn)
 g - a +0 scale mail (worn)
 h - a +0 cloak (worn)
Jewellery
 k - an amulet of faith (around neck) {!P}
 m - a ring of magical power
 M - a ring of magical power (right hand)
 N - a ring of positive energy
 W - a ring of willpower
 Z - a ring of wizardry (left hand)
Wands
 j - a wand of flame (11)
 o - a wand of polymorph (12)
 p - a wand of digging (3)
Scrolls
 i - a scroll of enchant weapon
 q - a scroll of fear
 s - 2 scrolls of teleportation {@r2}
Potions
 e - a potion of brilliance {unknown}
 f - 6 potions of lignification
 n - a potion of flight {unknown}
 r - a potion of curing {unknown}
 t - a potion of ambrosia {unknown}
 u - a potion of cancellation

Dungeon Overview and Level Annotations

Branches:
Dungeon (5/15)
 Temple: D:4-7

Altars:
Elyvilon
Fedhas
Trog
Vehumet

Shops:
D:3

! ..
......#.............
...................†.###
..... #...[........†.##
.....##.(........##...##
................##..≈..#
...............##..≈≈≈..
.>.............#..≈≈≈≈≈.
.....#g#.#.#†#...≈≈≈≈≈≈≈
#......@g.......≈≈≈≈≈≈≈≈
.....#g##+##.#...≈≈≈≈≈≈≈
... ..g#...#...#..≈≈≈≈≈.
. ...#.+...'.#.##..≈≈≈..
.......#...#..####..≈..#
.... #.##+##.## #...##
... .. ... #### ... #.
#.## #.#


You could see a gnoll sergeant and 3 gnolls.


Message History

You slash the gnoll!
You kill the gnoll!
You slash the gnoll!
You feel sick.
The gnoll sergeant hits you from afar with a +0 spear of venom!
You are more poisoned.
The gnoll hits you but does no damage.
You completely miss the gnoll.
The gnoll is severely wounded.
You feel very sick.
The gnoll sergeant hits you but does no damage.
You are more poisoned.
* * * LOW HITPOINT WARNING * * *
You feel very sick.
The gnoll sergeant hits you with a +0 spear of venom.
* * * LOW HITPOINT WARNING * * *
You are more poisoned.
The gnoll barely misses you. The gnoll hits you with a +0 club.
* * * LOW HITPOINT WARNING * * *
The gnoll barely misses you.
You see here an iguana corpse.
You hit the gnoll sergeant but do no damage.
Your scale mail prevents you from hitting the gnoll.
You slash the gnoll!
* * * LOW HITPOINT WARNING * * *
You feel extremely sick. The gnoll sergeant barely misses you.
The gnoll hits you from afar with a +0 spear.
* * * LOW HITPOINT WARNING * * *
The gnoll hits you with a +0 club.
You die...

Skill      XL: |  1  2  3  4  5  6  7  8 |
---------------+-------------------------+-----
Axes           | 5 6 7 8 9 10 | 10.0
Armour         | 1 2 3 4 6 |  6.6
Fighting       | |  2.4
Throwing       | |  1.7
Dodging        | |  2.4

Action                   |  1- 3 |  4- 6 |  7- 9 || total
-------------------------+-------+-------+-------++-------
Melee: War axe           |    74 |   149 |   133 ||   356
  Use: Scroll            |     6 |     2 |     4 ||    12
       Potion            |       |     3 |     2 ||     5
 Stab: Sleeping          |     1 |       |       ||     1
Armor: Leather armour    |    14 |       |       ||    14
       Scale mail        |     5 |    74 |    50 ||   129
Dodge: Dodged            |    47 |    79 |    68 ||   194

Levels and vault maps discovered:
D:1:      ldierk_walled_garden_2, layout_loops_corners
D:2:      minmay_general_purpose_star, layout_basic,
          ebering_ecumenical_altar_sacrificial, chequers_hall_statues_corner_a
D:3:      layout_basic, mainiacjoe_overflow_paths, fedhas_altar_2, serial_shops,
          shop_statue
D:4:      cheibrodos_barr_body, layout_loops_ring, trog_book, marbit_many_paths,
          minmay_joined_circles
D:5:      layout_cave_pools, xom_redecorated, nicolae_qazlal_scattered_showers,
          cheibrodos_sewer_entry_bend, grunt_ministairs_7, kennysheep_doodads,
          minmay_misc_feat_doors, amcnicky_mini_pool_medium

Notes
Turn   | Place    | Note
-------+----------+-------------------------------------------
     0 | D:1      | demibob the Hill Orc Gladiator began the quest for the Orb.
     0 | D:1      | Reached XP level 1. HP: 18/18 MP: 1/1
   696 | D:1      | Reached XP level 2. HP: 25/25 MP: 2/2
  1168 | D:2      | Reached skill level 5 in Axes
  1195 | D:2      | Found a faded altar of an unknown god.
  1249 | D:2      | Reached XP level 3. HP: 30/30 MP: 3/3
  1978 | D:3      | Reached skill level 6 in Axes
  1984 | D:3      | Reached skill level 1 in Armour
  1984 | D:3      | Reached XP level 4. HP: 20/37 MP: 4/4
  2196 | D:3      | Reached skill level 2 in Armour
  2430 | D:3      | Found Emnugh's Distillery.
  2436 | D:3      | Reached XP level 5. HP: 31/42 MP: 5/5
  2515 | D:3      | Bought a potion of might for 56 gold pieces
  2608 | D:3      | Found a radiant altar of Vehumet.
  2753 | D:3      | Found a blossoming altar of Fedhas.
  3436 | D:4      | Reached skill level 7 in Axes
  3466 | D:4      | Reached skill level 3 in Armour
  3684 | D:4      | Reached XP level 6. HP: 32/50 MP: 6/6
  3923 | D:4      | HP: 4/50 [ogre (20)]
  3927 | D:4      | Reached skill level 4 in Armour
  4071 | D:4      | Noticed a black bear
  4075 | D:4      | Killed a black bear
  4076 | D:4      | Reached skill level 8 in Axes
  4076 | D:4      | Reached XP level 7. HP: 56/56 MP: 7/7
  4595 | D:4      | Found a bloodstained altar of Trog.
  4682 | D:4      | Reached skill level 5 in Armour
  4830 | D:4      | Reached skill level 9 in Axes
  4915 | D:4      | Found a white marble altar of Elyvilon.
  4952 | D:5      | Entered Level 5 of the Dungeon
  5077 | D:5      | Reached skill level 6 in Armour
  5077 | D:5      | Reached XP level 8. HP: 53/62 MP: 8/8
  5134 | D:5      | Reached skill level 10 in Axes
  5139 | D:5      | HP: 6/62 [poisoned by a gnoll sergeant]
  5139 | D:5      | Slain by a gnoll

Vanquished Creatures
  A black bear (D:4)
  2 ogres (D:4)
  3 scorpions
  A wight (D:4)
  2 bullfrog skeletons
  A centaur zombie (D:5)
  2 hounds (D:4)
  2 jellies (D:5)
  3 iguanas
  An orc wizard (D:3)
  4 gnolls
  11 adders
  A white imp (D:5)
  An ufetubus (D:5)
  An adder skeleton (D:4)
  2 worms (D:4)
  A dart slug (D:4)
  12 orcs
  3 endoplasms
  A giant cockroach (D:2)
  8 goblins
  13 hobgoblins
  A jackal (D:4)
  5 quokkas
  8 ball pythons
  2 bats
  A frilled lizard (D:3)
  7 kobolds
  3 rats
103 creatures vanquished.

Vanquished Creatures (others)
  4 toadstools (D:1)
4 creatures vanquished.

Grand Total: 107 creatures vanquished

Table legend: (Time is in decaauts)
 A = Elapsed time spent in this place.
 B = Non-inter-level travel time spent in this place.
 C = Inter-level travel time spent in this place.
 D = Time resting spent in this place.
 E = Time spent auto-exploring this place.
 F = Levels seen in this place.
 G = Mean time per level.
                   A        B        C        D        E       F      G
               +--------+--------+--------+--------+--------+-----+--------+
         Total |   5194 |   5077 |    117 |    983 |   3310 |   5 | 1038.8 |
       Dungeon |   5194 |   5077 |    117 |    983 |   3310 |   5 | 1038.8 |
               +--------+--------+--------+--------+--------+-----+--------+

Top non-repeatable levels by time:
     D:4: 1706 daAuts
     D:3: 1591 daAuts
     D:1: 986 daAuts
     D:2: 720 daAuts
     D:5: 188 daAuts

Table legend:
 A = Non-vault XP
 B = Vault XP
 C = Vault XP percentage of total XP
 D = Non-vault monster count
 E = Vault monster count
 F = Vault count percentage of total count
                 A         B        C        D         E       F
            +---------+---------+-------+---------+---------+-------
      Total |     757 |     733 |  49.2 |      67 |      36 |  35.0
            +---------+---------+-------+---------+---------+-------
        D:1 |      10 |       0 |   0.0 |       7 |       0 |   0.0
        D:2 |      27 |       7 |  20.6 |       7 |       4 |  36.4
        D:3 |     160 |       0 |   0.0 |      29 |       0 |   0.0
        D:4 |     208 |     623 |  75.0 |      16 |      28 |  63.6
        D:5 |     352 |     103 |  22.6 |       8 |       4 |  33.3
            +---------+---------+-------+---------+---------+-------
